AoeStats
← yt536390

Arabia

509885018Analyzed
1v1 RM · 4d ago on Sep 28, 2026· 25m 58s· 2 players
Game mode
Random Map
Map size
Tiny (2 player)
Population
200
Speed
Normal
Resources
Standard
Victory
Conquest
Starting age
Dark Age
Ending age
Imperial Age
RankedLock teamsTeams togetherTeam positionsShared explorationLock speedFull tech treeHidden civsTurbo modeCheats
Victory
Defeat
🇨🇳 Mongols · China
1823
+21
🇹🇷 Varangians · Türkiye
1936
-21
yt536390
7:59 Feudal Age
7:33 Loom
8:04 Man-at-Arms
9:16 Double-Bit Axe
10:49 Loom
12:18 Horse Collar
15:09 Fletching
15:49 Town Watch
19:30 Castle Age
21:03 Bow Saw
21:33 Wheelbarrow
25:56 Bodkin Arrow
YuYa_AoE
7:22 Loom
10:15 Feudal Age
15:33 Castle Age
17:27 Scale Mail Armor
20:27 Double-Bit Axe
24:02 Squires
25:57 Chain Mail Armor
Connection lost

Rejoining the realm…

Still unreachable

The connection could not be restored.

Session expired

The server has moved on; the page needs a fresh start.